[Event "Titled Tuesday Blitz November 22 Early 2022"]
[White "Fiol, Fabrice"]
[Black "Stefanova, Antoaneta"]
[WhiteFideId "611670"]
[BlackFideId "2902257"]
[WhiteElo "2450"]
[BlackElo "2426"]
[Result "1-0"]
[Round "10"]
[TimeControl "180+1"]
[Date "2022.11.23"]
[WhiteClock "0:00:11"]
[BlackClock "0:00:01"]

1. e4 c6 2. Nf3 d5 3. d3 g6 4. Nbd2 Bg7 5. g3 e5 6. Bg2 Ne7 7. O-O O-O 8. b3 d4 9. a4 b6 10. Nc4 Nd7 11. Ba3 a5 12. Nh4 c5 13. Nd6 Ba6 14. Bc1 Nc6 15. Nc4 Nb4 16. Bd2 Ra7 17. Kh1 h6 18. Bh3 Kh7 19. Bxd7 Rxd7 20. Ng2 f5 21. f4 fxe4 22. dxe4 exf4 23. Bxb4 axb4 24. Nxf4 Qe7 25. Qd3 Bb7 26. Rae1 Re8 27. Nd5 Bxd5 28. exd5 Qxe1 29. Rxe1 Rxe1+ 30. Kg2 Rxd5 31. h4 h5 32. Nxb6 Rde5 33. Qc4 R5e2+ 34. Kf3 Re3+ 35. Kf2 Rd1 36. a5 Rd2+ 37. Kf1 Rxg3 38. a6 Rh2 39. a7 Rf3+ 40. Ke1 Rg3 41. Qf1 Re3+ 42. Kd1 Re8 43. a8=Q Rxa8 44. Nxa8 Rxh4 45. Nc7 Rg4 46. Ne6 Kh6 47. Nxg7 Kxg7 48. Qf2 Rg5 49. Qf4 Rf5 50. Qc7+ Kh6 51. Qd6 h4 52. Ke2 h3 53. Qc7 h2 54. Qxh2+ Rh5 55. Qf4+ Kg7 56. Qc7+ Kh6 57. Qd6 Kg7 58. Qe7+ Kh6 59. Kf3 Rf5+ 60. Kg4 Rh5 61. Qf8+ Kh7 62. Qf7+ Kh6 63. Qg8 Rg5+ 64. Kf4 Rf5+ 65. Ke4 Rh5 66. Qh8+ Kg5 67. Qd8+ Kh6 68. Qe8 Rf5 69. Qh8+ Kg5 70. Qd8+ Kh6 71. Qd7 1-0


[Site "https://www.chess.com"]

[Event "Titled Tuesday Blitz November 22 Early 2022"]
[White "Gabrielian, Artur"]
[Black "Ginzburg, Yakov"]
[WhiteFideId "4131002"]
[BlackFideId "4157176"]
[WhiteElo "2432"]
[BlackElo "2305"]
[Result "1-0"]
[Round "10"]
[TimeControl "180+1"]
[Date "2022.11.23"]
[WhiteClock "0:00:34"]
[BlackClock "0:00:03"]

1. d4 d5 2. c4 c6 3. Nf3 Nf6 4. Nc3 dxc4 5. a4 Bf5 6. e3 e6 7. Bxc4 Bb4 8. O-O O-O 9. Qe2 Bg4 10. h3 Bh5 11. Rd1 Nbd7 12. e4 Bxf3 13. Qxf3 e5 14. Be3 Qe7 15. d5 Bxc3 16. d6 Qd8 17. bxc3 Qa5 18. Bg5 Qc5 19. Ba2 h6 20. Bh4 Rae8 21. Rab1 b6 22. Qd3 g5 23. Bg3 Nh5 24. Kh2 Kg7 25. Qa6 Nhf6 26. f3 Qxc3 27. Bf2 Qc2 28. Rf1 Qxa2 29. Qxa7 Ra8 30. Qb7 Qxa4 31. Ra1 Qxa1 32. Rxa1 Rxa1 33. Qxc6 Ra2 34. Bg3 Rb2 35. Qc3 Rb5 36. h4 Rc5 37. Qe3 Kg6 38. Be1 Rfc8 39. Bd2 Nh7 40. hxg5 hxg5 41. Qa3 R8c6 42. Qa7 Rxd6 43. Bb4 Rcc6 44. Bxd6 Rxd6 45. Qc7 Nhf6 46. Qxd6 Kg7 47. Qc6 Kg6 48. Kg1 Kg7 49. g3 Kg6 50. Kf2 Kg7 51. Ke2 Kg6 52. Ke3 Kg7 53. Kd3 Nc5+ 54. Ke2 Ne6 55. Qxb6 Nd4+ 56. Kf2 Ne6 57. Qa5 Nd7 58. Qd2 Nf6 59. Qb2 Nd7 60. Qb5 Nec5 61. Qc6 1-0


[Site "https://www.chess.com"]

[Event "Titled Tuesday Blitz November 22 Early 2022"]
[White "Garcia Ramos, Daniel"]
[Black "Le Goff, Damien"]
[WhiteFideId "32010311"]
[BlackFideId "634808"]
[WhiteElo "2357"]
[BlackElo "2426"]
[Result "1-0"]
[Round "10"]
[TimeControl "180+1"]
[Date "2022.11.23"]
[WhiteClock "0:00:48"]
[BlackClock "0:00:30"]

1. e4 c5 2. Nf3 d6 3. d4 cxd4 4. Nxd4 Nf6 5. f3 e5 6. Nb3 d5 7. Bg5 d4 8. c3 Nc6 9. cxd4 Bb4+ 10. Bd2 Bxd2+ 11. Qxd2 exd4 12. Bb5 O-O 13. Bxc6 bxc6 14. Qxd4 Qe7 15. Nc3 Rd8 16. Qc5 Qb7 17. O-O a5 18. Rad1 Rxd1 19. Rxd1 Be6 20. Nxa5 Qxb2 21. Nxc6 h5 22. h4 Bxa2 23. e5 Ne8 24. Ne7+ Kh7 25. e6 g6 26. exf7 Bxf7 27. Ne4 Ra2 28. Ng5+ Kg7 29. Qd4+ Qxd4+ 30. Rxd4 Nf6 31. Rb4 Ra7 32. Nc8 Rc7 33. Nd6 Bg8 34. Rb8 Bd5 35. Kh2 Rd7 36. Ne8+ Nxe8 37. Rxe8 Rc7 38. Re5 Bg8 39. Ra5 Rb7 40. Ra6 Rc7 41. Kg3 Rb7 42. Ne4 Rc7 43. Rb6 Ra7 44. Nd6 Rd7 45. Ne8+ Kf7 46. Nf6 Rd8 47. Kf4 Kg7 48. Nxg8 Rxg8 49. Kg5 Kh7 50. Rb7+ Rg7 51. Rxg7+ Kxg7 52. g4 hxg4 53. fxg4 1-0


[Site "https://www.chess.com"]

[Event "Titled Tuesday Blitz November 22 Early 2022"]
[White "Gjestemoen-VonHirsch, Andre"]
[Black "Rose, Felix"]
[WhiteFideId "1539531"]
[BlackFideId "5105722"]
[WhiteElo "2198"]
[BlackElo "2039"]
[Result "0-1"]
[Round "10"]
[TimeControl "180+1"]
[Date "2022.11.23"]
[WhiteClock "0:00:02"]
[BlackClock "0:01:17"]

1. b3 e5 2. Bb2 Nc6 3. e3 Nf6 4. Bb5 Bd6 5. Nf3 Qe7 6. d4 exd4 7. Nxd4 Nxd4 8. Qxd4 c6 9. Be2 Bb4+ 10. Nd2 d5 11. O-O O-O 12. a3 Bc5 13. Qh4 Bf5 14. Bd3 Bg6 15. b4 Bd6 16. Qd4 Rfe8 17. Nf3 Be4 18. Bxe4 dxe4 19. Nd2 Rad8 20. Qc3 Bxh2+ 21. Kxh2 Qd6+ 22. Kg1 Qxd2 23. Rad1 Qxc3 24. Bxc3 Nd5 25. Bd4 Nb6 26. Rd2 Nc8 27. Rfd1 Rd5 28. c4 Rd7 29. Bc5 Rxd2 30. Rxd2 b6 31. Bd4 Rd8 32. Bc3 Rxd2 33. Bxd2 f5 34. Kf1 Kf7 35. Ke2 Ke6 36. Bc3 Nd6 37. c5 bxc5 38. bxc5 Ne8 39. Bd4 g6 40. Kd2 Kd5 41. Kc3 Nc7 42. a4 Ne6 43. g3 a6 44. a5 Nxc5 0-1


[Site "https://www.chess.com"]

[Event "Titled Tuesday Blitz November 22 Early 2022"]
[White "Goltseva, Ekaterina"]
[Black "Ilkhomi, Jaloliddin"]
[WhiteFideId "24173770"]
[BlackFideId "14700948"]
[WhiteElo "2200"]
[BlackElo "2045"]
[Result "1/2-1/2"]
[Round "10"]
[TimeControl "180+1"]
[Date "2022.11.23"]
[WhiteClock "0:00:04"]
[BlackClock "0:00:02"]

1. Nf3 Nf6 2. c4 e6 3. Nc3 d5 4. e3 Be7 5. b3 O-O 6. Bb2 b6 7. Qc2 Bb7 8. Be2 Nbd7 9. g4 Ne4 10. d3 Nxc3 11. Bxc3 Bf6 12. g5 Bxc3+ 13. Qxc3 c5 14. h4 e5 15. cxd5 Bxd5 16. e4 Bc6 17. Nxe5 Nxe5 18. Qxe5 Re8 19. Qc3 Qd7 20. O-O-O Rad8 21. h5 Qd4 22. Qxd4 Rxd4 23. f4 Red8 24. Kc2 a5 25. f5 Kf8 26. Rhf1 a4 27. g6 h6 28. f6 fxg6 29. hxg6 R4d6 30. e5 Re6 31. Rf5 axb3+ 32. axb3 Bd5 33. Bh5 Rd7 34. Rdf1 b5 35. fxg7+ Kxg7 36. Rf7+ Rxf7 37. Rxf7+ Kg8 38. Rf5 Ra6 39. Kb2 c4 40. dxc4 bxc4 41. bxc4 Bxc4 42. Rf6 Be6 43. Kc3 Rc6+ 44. Kd4 Rc4+ 45. Kd3 Rc6 46. Ke3 Rc3+ 47. Kd2 Rc6 48. Bf3 Ra6 49. Rxe6 Ra2+ 50. Ke3 Kg7 51. Rf6 Ra3+ 52. Kf4 Ra4+ 53. Be4 Ra7 54. Rd6 h5 55. e6 Kf6 56. Rd7 Ra8 57. e7 Re8 58. Rc7 h4 59. Kg4 h3 60. Kxh3 Ke5 61. Bd3 Kd6 62. Rb7 Ke6 63. Kg4 Kf6 64. Kf4 Ra8 65. Be4 Re8 66. Rd7 Rg8 67. Rd8 Rg7 68. e8=Q Rd7 69. Rxd7 1/2-1/2


[Site "https://www.chess.com"]

[Event "Titled Tuesday Blitz November 22 Early 2022"]
[White "Goriatchkin, Jouri"]
[Black "Sargissyan, Sargis"]
[WhiteFideId "4120183"]
[BlackFideId "13303210"]
[WhiteElo "1925"]
[BlackElo "2109"]
[Result "0-1"]
[Round "10"]
[TimeControl "180+1"]
[Date "2022.11.23"]
[WhiteClock "0:00:08"]
[BlackClock "0:00:09"]

1. d4 Nf6 2. Bg5 g6 3. Bxf6 exf6 4. c4 f5 5. Nc3 Bg7 6. e3 Nc6 7. g3 h5 8. h4 Ne7 9. Bg2 c6 10. Nge2 d5 11. c5 Ng8 12. a3 Nf6 13. b4 Ne4 14. Qc2 O-O 15. O-O g5 16. hxg5 Qxg5 17. Nf4 h4 18. gxh4 Qxh4 19. Nxe4 fxe4 20. f3 exf3 21. Rxf3 Bg4 22. Rff1 Rae8 23. Qf2 Qxf2+ 24. Kxf2 Bh6 25. Bf3 Bxf4 26. exf4 Bxf3 27. Kxf3 Kg7 28. Rae1 Kf6 29. Re5 Rh8 30. Rfe1 Rxe5 31. fxe5+ Kf5 32. Kg3 Rg8+ 33. Kf3 Rh8 34. Kg3 Rh6 35. a4 Kg6 36. b5 Kf5 37. b6 axb6 38. cxb6 Rh8 39. a5 Ra8 40. Ra1 Ra6 41. Kf3 Ke6 42. Kf4 Ra8 43. Ra2 Ra6 44. Ra1 Ra8 45. a6 bxa6 46. b7 Rb8 47. Rxa6 Kd7 48. Rb6 Kc7 49. Rb2 Rxb7 50. Rxb7+ Kxb7 51. Kf5 c5 52. dxc5 Kc6 53. Kf6 d4 54. Kxf7 d3 55. e6 d2 56. e7 d1=Q 57. Kg7 Qg1+ 58. Kf7 Qf2+ 59. Kg7 Qg3+ 60. Kf7 Qf4+ 61. Kg7 Qe5+ 62. Kf7 Qf5+ 63. Kg7 Qe6 64. Kf8 Qf6+ 65. Ke8 Kxc5 66. Kd8 Qd6+ 0-1


[Site "https://www.chess.com"]

[Event "Titled Tuesday Blitz November 22 Early 2022"]
[White "Goroshkov, Maksym"]
[Black "Storey, Charles H"]
[WhiteFideId "14142716"]
[BlackFideId "406686"]
[WhiteElo "2257"]
[BlackElo "2252"]
[Result "1-0"]
[Round "10"]
[TimeControl "180+1"]
[Date "2022.11.23"]
[WhiteClock "0:01:03"]
[BlackClock "0:00:01"]

1. e4 g6 2. d4 Bg7 3. c4 c5 4. d5 d6 5. Nc3 Nf6 6. f4 O-O 7. Bd3 e6 8. Nf3 exd5 9. cxd5 b5 10. O-O b4 11. Nb1 Bg4 12. Nbd2 Nbd7 13. h3 Bxf3 14. Qxf3 Re8 15. Rb1 a5 16. b3 a4 17. Bb2 axb3 18. axb3 Ra2 19. Nc4 Nb6 20. Nxb6 Qxb6 21. Kh1 Rxb2 22. Rxb2 Nxd5 23. e5 Ne7 24. Re2 d5 25. f5 c4 26. fxg6 Rf8 27. gxf7+ Kh8 28. bxc4 dxc4 29. Bxc4 Qc5 30. Bb3 Bxe5 31. Qe4 Ng6 32. Rc2 Bc3 33. Qc4 Qxc4 34. Bxc4 Kg7 35. Re2 Ne5 36. Bb3 Ra8 37. Re4 Kf8 38. Rh4 Kg7 39. Rh5 Ng6 40. Rhf5 Nf8 41. Rg5+ Ng6 42. Bd5 Ra5 43. f8=Q# 1-0


[Site "https://www.chess.com"]

[Event "Titled Tuesday Blitz November 22 Early 2022"]
[White "Goryachkina, Aleksandra"]
[Black "Salinas Herrera, Pablo"]
[WhiteFideId "4147103"]
[BlackFideId "3407128"]
[WhiteElo "2484"]
[BlackElo "2557"]
[Result "0-1"]
[Round "10"]
[TimeControl "180+1"]
[Date "2022.11.22"]
[WhiteClock "0:00:01"]
[BlackClock "0:00:42"]

1. e4 c5 2. Nf3 e6 3. g3 Nc6 4. Bg2 Nf6 5. d3 d6 6. O-O Be7 7. c3 O-O 8. Re1 Bd7 9. d4 cxd4 10. cxd4 d5 11. e5 Ne4 12. Nbd2 Nxd2 13. Bxd2 a5 14. h4 Qb6 15. Bc3 Rfc8 16. Ng5 h6 17. Nh3 Bb4 18. Nf4 Ne7 19. Re3 Nf5 20. Rf3 a4 21. a3 Bxc3 22. bxc3 Qb3 23. Qd2 Rc7 24. Nh5 Rac8 25. Rc1 Qxa3 26. Rc2 Qe7 27. Bh3 b5 28. g4 Nxh4 29. Rg3 b4 30. g5 hxg5 31. Bg2 Rxc3 32. Rxg5 Ng6 33. Rxc3 bxc3 34. Qc1 c2 35. f4 Qb4 36. f5 Qxd4+ 37. Kh1 Qh4+ 0-1


[Site "https://www.chess.com"]

[Event "Titled Tuesday Blitz November 22 Early 2022"]
[White "Grandelius, Nils"]
[Black "Deac, Bogdan-Daniel"]
[WhiteFideId "1710400"]
[BlackFideId "1226380"]
[WhiteElo "2617"]
[BlackElo "2648"]
[Result "0-1"]
[Round "10"]
[TimeControl "180+1"]
[Date "2022.11.22"]
[WhiteClock "0:00:09"]
[BlackClock "0:00:05"]

1. Nf3 d5 2. g3 Nd7 3. d4 Ngf6 4. Bg2 e6 5. O-O Be7 6. c4 O-O 7. Qc2 c6 8. Bf4 b6 9. cxd5 cxd5 10. Nc3 a6 11. e4 dxe4 12. Nxe4 Bb7 13. Nxf6+ Nxf6 14. Bc7 Qc8 15. Rac1 b5 16. Qe2 Bd5 17. Bd6 Qd8 18. Bxe7 Qxe7 19. Ne5 Rac8 20. Bxd5 Nxd5 21. Rc5 Rc7 22. Rfc1 Rfc8 23. Nd3 Qd8 24. Qe5 h6 25. a3 Qe7 26. Rxc7 Rxc7 27. Rxc7 Nxc7 28. Nc5 Qd8 29. Nb7 Qd7 30. Nc5 Qc6 31. h4 a5 32. h5 a4 33. Qe3 Nd5 34. Qe5 Nf6 35. Qb8+ Kh7 36. Qe5 Qf3 37. Qe3 Qxh5 38. Nd3 Qf5 39. Ne5 Nd5 40. Qe2 b4 41. axb4 Nxb4 42. Kg2 Nd5 43. g4 Qb1 44. Qf3 f6 45. Nc4 Qg6 46. Ne3 Nxe3+ 47. fxe3 Qc2+ 48. Kg3 Qd3 49. Qf4 Kg6 50. Qb8 Qxe3+ 51. Kh4 Qf2+ 52. Kh3 Qxd4 53. Kh4 Qf2+ 54. Kh3 Qe3+ 55. Kh4 Qe4 56. Qe8+ Kh7 57. Qb8 e5 58. Kg3 Qf4+ 59. Kh4 Qh2# 0-1


[Site "https://www.chess.com"]

[Event "Titled Tuesday Blitz November 22 Early 2022"]
[White "Han, Yichen"]
[Black "Boros, Denes"]
[WhiteFideId "1054430"]
[BlackFideId "722340"]
[WhiteElo "2323"]
[BlackElo "2464"]
[Result "0-1"]
[Round "10"]
[TimeControl "180+1"]
[Date "2022.11.22"]
[WhiteClock "0:00:01"]
[BlackClock "0:00:14"]

1. e4 g6 2. d4 d5 3. exd5 Qxd5 4. Nc3 Qd8 5. Nf3 Bg7 6. h3 Nh6 7. Bf4 Nf5 8. Be5 O-O 9. g4 Nd6 10. Qd2 f6 11. Bg3 b5 12. Bxd6 Qxd6 13. Nxb5 Qc6 14. d5 Qb7 15. O-O-O Bd7 16. Nfd4 Na6 17. Bc4 Kh8 18. Rhe1 c6 19. dxc6 Bxc6 20. Nxc6 Qxc6 21. Qd5 Rac8 22. Qxc6 Rxc6 23. Bb3 e5 24. Nxa7 Rb6 25. a4 Nc5 26. Nb5 Ra8 27. Rd5 Bf8 28. Kd2 Rc8 29. Nc3 Ne6 30. Rb5 Rd6+ 31. Rd5 Ra6 32. Re4 Kg7 33. Rc4 Rb8 34. Nb5 Nf4 35. Rd7+ Kh6 36. Rcc7 Kg5 37. Nc3 Nxh3 38. Rxh7 Nxf2 39. Kc1 Rb4 40. Kb1 Rxg4 41. Bc4 Ra8 42. Bd5 Rb8 43. a5 Rg1+ 44. Ka2 Bb4 45. a6 Rb6 46. Bb7 Bxc3 47. bxc3 Rb5 48. a7 Ra5+ 49. Kb3 Rxa7 50. Be4 Rb1+ 51. Kc4 Ra4+ 52. Kd5 Rxe4 53. c4 Rd1+ 54. Ke6 Ng4 55. c5 Rc4 56. c6 e4 57. Rhd7 Rf1 58. Rd5+ f5 59. Kd6 e3 60. Re7 Nf6 61. Rc5 Ne4+ 62. Rxe4 Rxe4 63. c7 Rd1+ 64. Kc6 e2 65. c8=Q e1=Q 66. Qc7 Qe3 67. Qf7 Re6+ 0-1


[Site "https://www.chess.com"]

[Event "Titled Tuesday Blitz November 22 Early 2022"]
[White "Harsh Suresh"]
[Black "Shuvalova, Polina"]
[WhiteFideId "45018464"]
[BlackFideId "24171760"]
[WhiteElo "2227"]
[BlackElo "2342"]
[Result "1-0"]
[Round "10"]
[TimeControl "180+1"]
[Date "2022.11.22"]
[WhiteClock "0:00:05"]
[BlackClock "0:00:04"]

1. d4 Nf6 2. Nf3 d5 3. Bf4 c5 4. e3 Nc6 5. Nbd2 Nh5 6. Bg3 cxd4 7. Nxd4 Nxg3 8. hxg3 e5 9. Nxc6 bxc6 10. Bd3 g6 11. O-O Bg7 12. e4 O-O 13. c4 f5 14. exd5 cxd5 15. cxd5 e4 16. Bc4 Bxb2 17. Rb1 Qf6 18. Qb3 Be5 19. d6+ Kh8 20. Bd5 Ba6 21. Bxa8 Bxf1 22. Kxf1 Rxa8 23. Qd5 Rd8 24. d7 Qd6 25. Qxd6 Bxd6 26. Rb7 Bc5 27. Nc4 Kg8 28. Ne5 Kf8 29. Nc6 Bb6 30. Rxb6 Rxd7 31. Rb8+ Kg7 32. Ra8 Rc7 33. Rxa7 Rxa7 34. Nxa7 Kf6 35. Nb5 Ke5 36. a4 Kd5 37. Ke2 Kc5 38. Nc3 Kb4 39. Ke3 h6 40. Kd4 g5 41. Nd5+ Kxa4 42. Ke5 f4 43. gxf4 gxf4 44. Kxf4 Kb5 45. Kxe4 1-0


[Site "https://www.chess.com"]

[Event "Titled Tuesday Blitz November 22 Early 2022"]
[White "Heinemann, Josefine"]
[Black "Golubev, Mikhail"]
[WhiteFideId "12900460"]
[BlackFideId "14100983"]
[WhiteElo "2300"]
[BlackElo "2374"]
[Result "1-0"]
[Round "10"]
[TimeControl "180+1"]
[Date "2022.11.23"]
[WhiteClock "0:00:39"]
[BlackClock "0:00:17"]

1. Nf3 d6 2. d4 Nf6 3. g3 g6 4. Bg2 Bg7 5. O-O O-O 6. c4 Nbd7 7. Nc3 e5 8. dxe5 dxe5 9. Qc2 Re8 10. e4 c6 11. Rd1 Qb6 12. Be3 Qb4 13. b3 Qe7 14. a3 Ng4 15. Bc1 Nc5 16. h3 Nf6 17. Be3 a5 18. b4 axb4 19. axb4 Rxa1 20. Rxa1 Ne6 21. c5 Nd7 22. Rd1 f5 23. exf5 gxf5 24. Qxf5 Nd4 25. Qg5 Nf6 26. Nxd4 exd4 27. Bxd4 Be6 28. Re1 Qf7 29. h4 Kh8 30. Ne4 h6 31. Qf4 Bd5 32. Bxf6 Bxf6 33. Qxh6+ 1-0


[Site "https://www.chess.com"]

[Event "Titled Tuesday Blitz November 22 Early 2022"]
[White "Ibadov, Dashgyn"]
[Black "Ciuffoletti, Paolo"]
[WhiteFideId "24107514"]
[BlackFideId "807630"]
[WhiteElo "2208"]
[BlackElo "2143"]
[Result "0-1"]
[Round "10"]
[TimeControl "180+1"]
[Date "2022.11.23"]
[WhiteClock "0:00:06"]
[BlackClock "0:00:09"]

1. d4 d5 2. c4 c6 3. Nf3 Nf6 4. e3 Bf5 5. Nc3 e6 6. Nh4 Be4 7. Nxe4 Nxe4 8. Nf3 Bb4+ 9. Bd2 Qe7 10. a3 Nxd2 11. Nxd2 Bd6 12. Bd3 O-O 13. O-O Nd7 14. e4 e5 15. exd5 exd4 16. dxc6 bxc6 17. Qc2 g6 18. Rfe1 Qh4 19. g3 Qh3 20. Be4 Ne5 21. Bg2 Qh5 22. Ne4 Be7 23. f4 Ng4 24. Bf3 d3 25. Qg2 f5 26. h3 fxe4 27. Bxg4 Qc5+ 28. Kh2 e3 29. b4 Qd4 30. Qxc6 e2 31. Qd5+ Qxd5 32. cxd5 Bf6 33. Ra2 Bc3 34. Rexe2 dxe2 35. Rxe2 Rfe8 36. Be6+ Kg7 37. d6 Rad8 38. d7 Rxd7 0-1


[Site "https://www.chess.com"]

[Event "Titled Tuesday Blitz November 22 Early 2022"]
[White "Indjic, Aleksandar"]
[Black "Tanenbaum, Zachary"]
[WhiteFideId "911925"]
[BlackFideId "2060850"]
[WhiteElo "2592"]
[BlackElo "2175"]
[Result "0-1"]
[Round "10"]
[TimeControl "180+1"]
[Date "2022.11.22"]
[WhiteClock "0:00:18"]
[BlackClock "0:00:03"]

1. e4 e5 2. Nf3 Nc6 3. Bb5 a6 4. Ba4 d6 5. O-O Nf6 6. c3 Be7 7. d4 b5 8. Bc2 O-O 9. Be3 Bg4 10. Nbd2 d5 11. h3 Bh5 12. g4 Bg6 13. Nxe5 Nxe5 14. dxe5 Nxe4 15. Nxe4 Bxe4 16. f4 Bxc2 17. Qxc2 c5 18. f5 d4 19. Rad1 Rc8 20. Qe4 Qb6 21. cxd4 cxd4 22. Bxd4 Bc5 23. b4 Bxd4+ 24. Qxd4 Qh6 25. Rf3 Qh4 26. Qf2 Qe7 27. Qe1 Rc2 28. a3 Rfc8 29. Rfd3 h5 30. Qg3 Qa7+ 31. Qe3 Qa8 32. Qf3 Qa7+ 33. Kh1 Qc7 34. Qe4 Rf2 35. gxh5 Kh8 36. h6 gxh6 37. Qh4 Qc6+ 38. Rd5 Qxd5+ 39. Rxd5 Rc1+ 0-1


[Site "https://www.chess.com"]

[Event "Titled Tuesday Blitz November 22 Early 2022"]
[White "Izuzquiza Gonzalez, Javier"]
[Black "Garv Gaur"]
[WhiteFideId "3101029"]
[BlackFideId "45030839"]
[WhiteElo "2034"]
[BlackElo "1960"]
[Result "0-1"]
[Round "10"]
[TimeControl "180+1"]
[Date "2022.11.23"]
[WhiteClock "0:00:02"]
[BlackClock "0:00:52"]

1. d4 Nf6 2. c4 e6 3. Nf3 d5 4. g3 Bb4+ 5. Bd2 Be7 6. Bg2 O-O 7. Qc2 c6 8. h4 Nbd7 9. Nc3 dxc4 10. a4 b6 11. Ng5 Bb7 12. e4 e5 13. d5 Nc5 14. O-O h6 15. Nf3 cxd5 16. exd5 e4 17. Ne5 Nxd5 18. Nxc4 Nb4 19. Qb1 Ba6 20. Nb5 Nbd3 21. Bc3 Qd7 22. b4 Nxa4 23. Ne5 Nxe5 24. Bxe5 Bxb5 25. Qxe4 Bxf1 26. Rxf1 b5 27. Bf3 Rae8 28. Qf4 Qe6 29. Rd1 Bxb4 30. Bxg7 Kxg7 31. Qxb4 Qf6 32. Kg2 Nb6 33. Rd6 Re6 34. Rd4 Nc4 35. Qxb5 Ne5 36. Rd5 Qxf3+ 0-1


[Site "https://www.chess.com"]

[Event "Titled Tuesday Blitz November 22 Early 2022"]
[White "Jobava, Baadur"]
[Black "Paravyan, David"]
[WhiteFideId "13601520"]
[BlackFideId "4194985"]
[WhiteElo "2582"]
[BlackElo "2546"]
[Result "0-1"]
[Round "10"]
[TimeControl "180+1"]
[Date "2022.11.22"]
[WhiteClock "0:00:01"]
[BlackClock "0:00:04"]

1. b3 e5 2. Bb2 Nc6 3. Nf3 e4 4. Nd4 Nxd4 5. Bxd4 Ne7 6. e3 d5 7. Bb2 h5 8. c4 Bg4 9. Qc2 Qd7 10. cxd5 O-O-O 11. Nc3 Nxd5 12. Nxd5 Qxd5 13. Bc4 Qd7 14. Rc1 Kb8 15. h3 Bf5 16. Be5 Bd6 17. Bxd6 Qxd6 18. Bxf7 Rd7 19. Bc4 Rhd8 20. Rd1 Qg6 21. g3 Qf6 22. Be2 h4 23. g4 Be6 24. O-O Qe5 25. Qc3 Qxc3 26. dxc3 Rd2 27. f4 exf3 28. Bxf3 Kc8 29. Rxd2 Rxd2 30. Rf2 Rd3 31. Re2 Rxc3 32. Kf2 c6 33. Rd2 Kc7 34. Be4 g5 35. Kf3 a5 36. Bf5 Bd5+ 37. Be4 Kd6 38. Ke2 Ke5 39. Bxd5 cxd5 40. Kf3 b5 41. Ke2 Rc1 42. Kf2 Rh1 43. Kg2 Ra1 44. Kf2 Rc1 45. Kg2 b4 46. Kf2 Rh1 47. Kg2 Re1 48. Kf2 Rc1 49. Kg2 Rc3 50. Kf3 Rc6 51. Ke2 Rc1 52. Kf2 Rc3 53. Kf3 a4 54. bxa4 Ra3 55. Ke2 Rxa4 56. Rb2 Ke4 57. Kf2 Kd3 58. Kf3 Kc3 59. Rf2 Ra7 0-1


[Site "https://www.chess.com"]

[Event "Titled Tuesday Blitz November 22 Early 2022"]
[White "Johnson, Ben"]
[Black "Sariego Figueredo, Wilfredo"]
[WhiteFideId "2010917"]
[BlackFideId "3500080"]
[WhiteElo "2135"]
[BlackElo "2309"]
[Result "1-0"]
[Round "10"]
[TimeControl "180+1"]
[Date "2022.11.23"]
[WhiteClock "0:01:00"]
[BlackClock "0:00:46"]

1. Nf3 c5 2. c4 Nf6 3. Nc3 g6 4. d4 cxd4 5. Nxd4 Bg7 6. e4 O-O 7. Be2 Nc6 8. Be3 d6 9. O-O a6 10. Qd2 Qc7 11. Rac1 Qa5 12. Nxc6 bxc6 13. Nd5 cxd5 14. Qxa5 dxe4 15. c5 dxc5 16. Bxc5 Re8 17. Bb5 Bd7 18. Bxd7 Nxd7 19. Ba3 Nf6 20. h3 Bh6 21. Rc7 e6 22. b3 Nd5 23. Rb7 e3 24. fxe3 Bxe3+ 25. Kh1 Rec8 26. Rbxf7 1-0


[Site "https://www.chess.com"]

[Event "Titled Tuesday Blitz November 22 Early 2022"]
[White "Jones, Gawain C B"]
[Black "Seo, Jung Min"]
[WhiteFideId "409561"]
[BlackFideId "1734687"]
[WhiteElo "2657"]
[BlackElo "2455"]
[Result "0-1"]
[Round "10"]
[TimeControl "180+1"]
[Date "2022.11.22"]
[WhiteClock "0:00:31"]
[BlackClock "0:01:25"]

1. Nf3 Nf6 2. g3 g6 3. b3 b6 4. Bb2 Bg7 5. Bg2 Bb7 6. O-O O-O 7. c4 c5 8. d4 cxd4 9. Qxd4 d6 10. Qh4 Nbd7 11. Nc3 Rc8 12. Rad1 a6 13. Rd2 Rc5 14. Rfd1 Rh5 15. Qf4 Bh6 16. Qd4 Bxd2 17. Rxd2 Rc5 18. g4 Bxf3 19. exf3 g5 20. Ne4 Re5 21. Qe3 Nxe4 22. fxe4 f6 23. Bxe5 Nxe5 24. f4 gxf4 25. Qxf4 Qc8 26. g5 Qc5+ 27. Kh1 Ng6 28. Qf5 fxg5 29. Qe6+ Kg7 30. Qd5 Qe3 31. b4 Qe1+ 0-1


[Site "https://www.chess.com"]

[Event "Titled Tuesday Blitz November 22 Early 2022"]
[White "Jumabayev, Rinat"]
[Black "Munkhgal, Gombosuren"]
[WhiteFideId "13702661"]
[BlackFideId "4901266"]
[WhiteElo "2561"]
[BlackElo "2576"]
[Result "0-1"]
[Round "10"]
[TimeControl "180+1"]
[Date "2022.11.22"]
[WhiteClock "0:00:03"]
[BlackClock "0:00:51"]

1. e4 e6 2. d4 d5 3. Nd2 c5 4. exd5 exd5 5. Ngf3 Nc6 6. Bb5 cxd4 7. O-O Bd6 8. Nxd4 Ne7 9. h3 O-O 10. N2f3 Nxd4 11. Nxd4 Bc7 12. Re1 Qd6 13. Nf3 Ng6 14. Bd3 Bd7 15. Be3 Rae8 16. Qd2 d4 17. Bxd4 Nh4 18. Ne5 f6 19. Bc4+ Kh8 20. Nf7+ Rxf7 21. Rxe8+ Bxe8 22. f4 Rd7 23. c3 Bb6 24. Re1 Bg6 25. Bb5 Bxd4+ 26. cxd4 Qxd4+ 27. Qxd4 Rxd4 28. g3 Nf3+ 29. Kf2 Nxe1 0-1


[Site "https://www.chess.com"]

[Event "Titled Tuesday Blitz November 22 Early 2022"]
[White "Kamsky, Gata"]
[Black "Andreikin, Dmitry"]
[WhiteFideId "2000024"]
[BlackFideId "4158814"]
[WhiteElo "2666"]
[BlackElo "2736"]
[Result "0-1"]
[Round "10"]
[TimeControl "180+1"]
[Date "2022.11.22"]
[WhiteClock "0:00:08"]
[BlackClock "0:00:22"]

1. e4 c5 2. Nf3 Nc6 3. d4 cxd4 4. Nxd4 Qc7 5. Nc3 e6 6. Nxc6 bxc6 7. Qd3 Rb8 8. Qg3 d6 9. Bd3 Nf6 10. O-O e5 11. b3 h5 12. h4 Ng4 13. f3 Qb6+ 14. Kh1 Be7 15. Na4 Qd8 16. fxg4 hxg4 17. Qf2 Be6 18. g3 g5 19. h5 Rxh5+ 20. Kg2 f5 21. Rh1 Rxh1 22. Kxh1 f4 23. Qh2 Kd7 24. Bd2 d5 25. Qh7 Qh8 26. Qxh8 Rxh8+ 27. Kg2 dxe4 28. Bxe4 Bd5 29. Nc3 f3+ 30. Kf2 Bc5+ 0-1


[Site "https://www.chess.com"]

[Event "Titled Tuesday Blitz November 22 Early 2022"]
[White "Keymer, Vincent"]
[Black "Dardha, Daniel"]
[WhiteFideId "12940690"]
[BlackFideId "240990"]
[WhiteElo "2600"]
[BlackElo "2528"]
[Result "1/2-1/2"]
[Round "10"]
[TimeControl "180+1"]
[Date "2022.11.22"]
[WhiteClock "0:00:23"]
[BlackClock "0:00:19"]

1. a3 e5 2. c4 f5 3. Nc3 Nf6 4. g3 c6 5. Nf3 e4 6. Nd4 d5 7. cxd5 cxd5 8. d3 Bc5 9. dxe4 dxe4 10. Nb3 Qxd1+ 11. Nxd1 Bb6 12. Be3 Be6 13. Nc5 Ke7 14. Nxe6 Kxe6 15. Bh3 h5 16. O-O Nc6 17. Bxb6 axb6 18. f3 Nd4 19. Nc3 exf3 20. exf3 Rad8 21. Rad1 h4 22. g4 Kf7 23. gxf5 Rhe8 24. Kf2 Nh5 25. Bg4 Nf4 26. Ne4 Kf8 27. f6 gxf6 28. Nxf6 Re2+ 29. Kg1 Rxb2 30. Nd7+ Kg7 31. Kh1 Nde2 32. a4 Rb4 33. Ne5 Rxd1 34. Rxd1 Rxa4 35. Bd7 Ra2 36. Bb5 Rb2 37. Bxe2 Rxe2 38. Ng4 b5 39. Kg1 Rg2+ 40. Kf1 Rb2 41. Rd7+ Kf8 42. Rxb7 b4 43. Ke1 Nd3+ 44. Kd1 b3 45. h3 Rb1+ 46. Kd2 Nc5 47. Rb8+ Ke7 48. Ne3 Kd6 49. Kc3 Kc7 50. Rb4 Kc6 51. Nc4 Rc1+ 52. Kd2 Rc2+ 53. Ke3 Rh2 54. Na5+ Kd5 55. Nxb3 Nxb3 56. Rxb3 Rxh3 57. Rb5+ Ke6 58. Rh5 Rh1 59. Kf4 h3 60. Kg3 Kf6 61. Rxh3 Rxh3+ 62. Kxh3 Kf5 63. Kg3 Kg5 64. f4+ Kf5 65. Kf3 Kf6 66. Ke4 Ke6 67. f5+ Kf6 68. Kf4 Kf7 69. Kg4 Kf6 70. Kf4 Kf7 71. Kg5 Kg7 72. f6+ Kf7 73. Kf5 Kf8 74. Ke5 Kf7 75. Kf5 Kf8 76. Ke6 Ke8 77. Kd5 Kf7 78. Ke5 Kf8 79. Kf4 Kf7 80. Kg5 Kf8 81. Kg6 Kg8 82. f7+ Kf8 83. Kf6 1/2-1/2


[Site "https://www.chess.com"]